 Dungeon Crawl Stone Soup version 0.17-a0-1508-ge7f3dc3 (webtiles) character file.

23786 SobakaSutulaya the Fencer (level 13, -17/117 HPs)
             Began as a Naga Fighter on July 9, 2015.
             Was the Champion of Cheibriados.
             Hit by a large rock thrown by a cyclops (26 damage)
             ... on level 4 of the Orcish Mines on July 10, 2015.
             The game lasted 01:07:23 (16902 turns).

SobakaSutulaya the Fencer (Naga Fighter)           Turns: 16902, Time: 01:07:23

Health: -17/117    AC: 14    Str: 38    XL:     13   Next: 8%
Magic:  6/19       EV:  6    Int: 25    God:    Cheibriados [******]
Gold:   409        SH: 12    Dex: 25    Spells: 1 memorised, 14 levels left

rFire  . . .     SeeInvis +     B - +7 scimitar (vamp)
rCold  . . .     Clarity  .     h - +2 plate armour {MR+}
rNeg   . . .     SustAt   .     c - +0 shield
rPois  +         Gourm    .     g - +1 helmet
rElec  .         Spirit   .     (no cloak)
rCorr  .         Warding  .     (no gloves)
rMut   .         Stasis   .     (no barding)
MR     +++..                    (no amulet)
Stlth  ..........               (no ring)
                                u - ring of protection from magic

@: very slightly contaminated, very slow, extremely resistant to hostile
enchantments, extremely unstealthy
A: repulsion field 1, see invisible, deformed body, poison resistance, slowness
2, slow metabolism 1, spit poison 2, constrict 1, AC +4
a: Spit Poison, Bend Time, Temporal Distortion, Slouch, Step From Time, Renounce
Religion


You were on level 4 of the Orcish Mines.
You worshipped Cheibriados.
Cheibriados was exalted by your worship.
You were very hungry.

You visited 3 branches of the dungeon, and saw 15 of its levels.
You also visited: Sewer.

You collected 1732 gold pieces.
You spent 1323 gold pieces at shops.

Inventory:

Hand weapons
 B - a +7 vampiric scimitar (weapon)
Armour
 c - a +0 shield (worn)
 g - a +1 helmet (worn)
 h - a +2 plate armour of magic resistance (worn)
Jewellery
 u - a ring of protection from magic (left hand)
Magical devices
 d - a wand of enslavement (21)
 w - a wand of frost (24)
 z - a wand of random effects (32)
Scrolls
 b - a scroll of amnesia
 i - 4 scrolls of teleportation
 j - 3 scrolls of fog
 s - 2 scrolls of recharging
 v - 5 scrolls of magic mapping
 x - a scroll of enchant weapon
 y - 4 scrolls of remove curse
 L - a scroll of enchant armour
Potions
 f - a potion of magic
 l - 2 potions of agility
 m - 2 potions of ambrosia
 n - 2 potions of invisibility
 p - 2 potions of flight
 q - 2 potions of poison
 E - a potion of lignification
 J - a potion of cure mutation
 M - a potion of brilliance
 Q - a potion of cancellation {unknown}
Books
 k - the Reference Book on the Rocks and Confrontation
   (You bought it in a shop on level 6 of the Dungeon)

   Spells                             Type                      Level
   a - Sandblast                      Earth                        1
   b - Stone Arrow                    Conjuration/Earth            3
   c - Passwall                       Transmutation/Earth          3
   d - Bolt of Magma                  Conjuration/Fire/Earth       5
   e - Lee's Rapid Deconstruction     Earth                        5
   f - Iron Shot                      Conjuration/Earth            6
   g - Statue Form                    Transmutation/Earth          6
   h - Shatter                        Earth                        9
 D - a book of Annihilations

   Spells                             Type                      Level
   a - Poison Arrow                   Conjuration/Poison           6
   b - Chain Lightning                Conjuration/Air              8
   c - Lehudib's Crystal Spear        Conjuration/Earth            8
   d - Glaciate                       Conjuration/Ice              9
   e - Fire Storm                     Conjuration/Fire             9
 P - a book of Alchemy

   Spells                             Type                      Level
   a - Sublimation of Blood           Necromancy                   2
   b - Ignite Poison                  Fire/Transmutation/Poison    3
   c - Alistair's Intoxication        Transmutation/Poison         4
   d - Condensation Shield            Ice                          4
   e - Petrify                        Transmutation/Earth          4
   f - Irradiate                      Conjuration/Transmutation    5
Comestibles
 a - 4 chunks of flesh
 e - 5 bread rations
 o - 9 meat rations
 K - 2 slices of pizza
 O - 7 royal jellies


   Skills:
 - Level 8.2 Fighting
 - Level 16.2 Long Blades
 - Level 2.4 Armour
 - Level 2.4 Shields
 - Level 4.4 Spellcasting
 + Level 2.5 Transmutations
 + Level 5.8 Earth Magic
 - Level 8.0 Invocations


You had 14 spell levels left.
You knew the following spells:

 Your Spells              Type           Power        Failure   Level  Hunger
a - Statue Form           Trmt/Erth      ####.....    100%        6    #######


Dungeon Overview and Level Annotations

Branches:
Dungeon (10/15)            Temple (0/1) D:5            Lair (1/8) D:10
    Orc (4/4) D:10
    Elf: Orc:3-4

Altars:
Cheibriados
Dithmenos
Elyvilon
Gozag
Nemelex Xobeh
Trog
Vehumet
Zin
Beogh

Shops:
D:4 =*((!   D:6 *   D:8 (

Annotations:
Orc:4 exclusion: troll


Innate Abilities, Weirdness & Mutations

You cannot wear boots.
Your serpentine skin is tough (AC +4).
You have supernaturally acute eyesight.
Armour fits poorly on your strangely shaped body.
Your system is resistant to poisons.
You cover ground very slowly.
You have a slow metabolism.
You can spit poison.
You can use your snake-like lower body to constrict enemies.
You are surrounded by a mild repulsion field (EV +2).


Message History

Blink to where?
Press: ? - help, Dir - move target cursor You are very lightly contaminated with residual magic.
As you read the scroll of blinking, it crumbles to dust.
The cyclops shouts!
Use which ability? (? or * to list)
Okay, then.
Use which ability? (? or * to list)
You don't have enough magic at the moment.
Drink which item? (? for menu, Esc to quit)
Okay, then.
Use which ability? (? or * to list)
Okay, then.
Zapping:
d - a wand of enslavement {recharged} (will waste charges)
Press: ? - help, Shift-Dir - straight line, f - cyclops
Aim: a cyclops (chance to defeat MR: 28%)
The cyclops easily resists.
Evoking this partially-identified wand wasted a few charges.
The cyclops throws a large rock.
The large rock hits you!!
You die...

## ##.......))##
#.####...........## #.#......#
...#..............###...<....##
.......C.()[.......#..........#
........(.(.......##.........#
............................
.........#####............#
.......)..# ##..........#
.....o...## #.@...C.)<.#
........### #.......).##
...)))....### ##.......##
....<....(..# ##.....##
........).##### ###..##
.........(....# #.##
...#.....)....# ###
.#####..........# .
#$..........


You could see a cyclops.

Vanquished Creatures
  Rupert (Orc:3)
  An ettin (Orc:4)
  The ghost of Chiseanne the Fighter, an experienced DsWr of Okawaru (D:10)
  5 orc knights
  A hill giant (D:10)
  The ghost of ldierk the Destroyer, an experienced GrCj of Sif Muna (D:7)
  4 orc sorcerers
  2 cyclopes (Orc:4)
  The ghost of runewalsh the Chiller, an experienced OpIE (D:6)
  6 trolls
  A queen bee (D:9)
  Sigmund (D:3)
  2 hungry ghosts (D:6)
  11 yaks (D:10)
  A steam dragon (D:7)
  A hippogriff (D:7)
  Grum (D:8)
  3 basilisks (D:10)
  A water moccasin (D:9)
  2 wolves (D:8)
  2 wargs
  A porcupine (D:10)
  The ghost of Promi the Stinger, an average DEVM (Sewer)
  20 orc warriors
  Duvessa (D:7)
  A black bear (D:10)
  A sky beast (D:10)
  A phantom (D:6)
  2 ice beasts
  7 ogres
  5 crocodiles
  7 centaurs
  6 giant frogs
  A gnoll sergeant (D:10)
  3 big kobolds
  Dowan (D:7)
  A wyvern skeleton (D:9)
  4 scorpions
  25 killer bees
  A centaur zombie (D:5)
  6 wights
  5 crimson imps
  7 hounds
  27 orc wizards
  22 orc priests
  3 jellies
  A quasit (D:10)
  2 giant frog skeletons
  A giant frog zombie (D:9)
  5 worker ants
  2 iguanas
  A hound skeleton (D:9)
  Robin (D:2)
  7 gnolls
  6 river rats
  15 adders
  A shadow imp (D:6)
  An adder zombie (D:7)
  5 oozes
  2 adder skeletons
  4 worms
  7 giant geckos
  193 orcs
  18 bats
  37 goblins
  28 hobgoblins
  12 jackals
  3 quokkas
  2 ball pythons (D:1)
  12 giant cockroaches
  A giant gecko zombie (D:7)
  10 giant newts
  38 kobolds
  11 rats
634 creatures vanquished.

Vanquished Creatures (others)
  2 bushes (D:10)
  4 fungi
  12 plants (D:10)
18 creatures vanquished.

Grand Total: 652 creatures vanquished

Notes
Turn   | Place    | Note
--------------------------------------------------------------
     0 | D:1      | SobakaSutulaya the Naga Fighter began the quest for the Orb.
     0 | D:1      | Reached XP level 1. HP: 21/21 MP: 1/1
   406 | D:1      | Reached XP level 2. HP: 26/28 MP: 2/2
   831 | D:2      | Reached XP level 3. HP: 31/34 MP: 3/3
  1004 | D:2      | Noticed Robin
  1036 | D:2      | HP: 1/34 [hobgoblin[Robin] (3)]
  1046 | D:2      | Killed Robin
  1046 | D:2      | Reached skill level 4 in Long Blades
  1048 | D:2      | Reached XP level 4. HP: 4/42 MP: 4/4
  1957 | D:3      | Found a glowing drain.
  1961 | Sewer    | Entered a sewer
  2221 | Sewer    | Reached skill level 5 in Long Blades
  2224 | Sewer    | Reached XP level 5. HP: 47/49 MP: 5/5
  2339 | Sewer    | Noticed Promi's ghost (average DEVM)
  2366 | Sewer    | Killed Promi's ghost
  2366 | Sewer    | Reached skill level 6 in Long Blades
  2366 | Sewer    | Reached XP level 6. HP: 21/56 MP: 6/6
  3665 | D:3      | Noticed Sigmund
  3678 | D:3      | Killed Sigmund
  3678 | D:3      | Reached skill level 7 in Long Blades
  3678 | D:3      | Reached XP level 7. HP: 47/62 MP: 7/7
  4114 | D:4      | Found a white marble altar of Elyvilon.
  4221 | D:4      | Found Aqeunauxt's Antique Weapon Emporium.
  4222 | D:4      | Found Otico's Antique Weapon Shop.
  4251 | D:4      | Bought a runed scimitar for 92 gold pieces
  4447 | D:4      | Found a snail-covered altar of Cheibriados.
  4453 | D:4      | Became a worshipper of Cheibriados the Contemplative
  4808 | D:4      | Found Kocosim's Assorted Antiques.
  4816 | D:4      | Bought a wand of frost for 19 gold pieces
  4816 | D:4      | Bought a scroll of identify for 38 gold pieces
  4816 | D:4      | Bought a scroll labeled MIASOTRO ITUYF for 19 gold pieces
  4816 | D:4      | Bought a scroll labeled NAOTUKLIXT for 19 gold pieces
  4936 | D:4      | Found Veaph's Jewellery Boutique.
  5059 | D:4      | Found Usur's Distillery.
  5235 | D:4      | Reached skill level 8 in Long Blades
  5301 | D:4      | Acquired Cheibriados's first power
  5309 | D:5      | Entered Level 5 of the Dungeon
  5390 | D:5      | Found a glowing silver altar of Zin.
  5442 | D:5      | Found a staircase to the Ecumenical Temple.
  5446 | D:5      | Reached skill level 9 in Long Blades
  5446 | D:5      | Reached XP level 8. HP: 46/69 MP: 8/8
  5945 | D:6      | Noticed runewalsh's ghost (experienced OpIE)
  6377 | D:6      | Reached skill level 10 in Long Blades
  6390 | D:6      | Killed runewalsh's ghost
  6482 | D:6      | Reached skill level 11 in Long Blades
  6489 | D:6      | Acquired Cheibriados's second power
  6489 | D:6      | Reached XP level 9. HP: 26/75 MP: 9/9
  6541 | D:6      | Found Jynoqau's Elemental Accessories.
  6668 | D:6      | Reached skill level 1 in Invocations
  6824 | D:7      | Noticed ldierk's ghost (experienced GrCj)
  6918 | D:7      | Reached skill level 5 in Fighting
  6921 | D:7      | Acquired Cheibriados's third power
  7034 | D:7      | Killed ldierk's ghost
  7034 | D:7      | Reached skill level 5 in Invocations
  7384 | D:7      | Found a shadowy altar of Dithmenos.
  7400 | D:7      | Noticed Duvessa
  7403 | D:7      | Killed Duvessa
  7417 | D:7      | Reached XP level 10. HP: 64/92 MP: 14/14
  7438 | D:7      | Noticed Dowan
  7443 | D:7      | Killed Dowan
  7873 | D:7      | Acquired Cheibriados's fourth power
  7900 | D:7      | Upgraded the game from 0.17-a0-1504-gb7d9117 to 0.17-a0-1508-ge7f3dc3
  8026 | D:8      | Found Bezel's Antique Weapon Shop.
  8373 | D:8      | Noticed Grum
  8389 | D:8      | Killed Grum
  8651 | D:9      | Found a sparkling altar of Nemelex Xobeh.
  8749 | D:9      | Found a bloodstained altar of Trog.
  9185 | D:9      | Reached skill level 12 in Long Blades
  9520 | D:9      | Reached XP level 11. HP: 103/103 MP: 17/17
 10218 | D:10     | Entered Level 10 of the Dungeon
 10224 | D:10     | Found an opulent altar of Gozag.
 10286 | D:10     | Reached skill level 13 in Long Blades
 10419 | D:10     | Found a staircase to the Orcish Mines.
 10754 | Orc:1    | Entered Level 1 of the Orcish Mines
 10871 | Orc:1    | Noticed a sun demon
 10871 | Orc:1    | Noticed an orc knight
 10879 | Orc:1    | HP: 1/103 [orc knight/war axe (15)]
 10881 | Orc:1    | Killed an orc knight
 11255 | D:10     | Found a staircase to the Lair.
 11262 | D:10     | Noticed Chiseanne's ghost (experienced DsWr)
 11266 | D:10     | Reached skill level 14 in Long Blades
 11282 | D:10     | Killed Chiseanne's ghost
 11761 | D:10     | Noticed a hill giant
 11770 | D:10     | Killed a hill giant
 11948 | D:10     | Found a radiant altar of Vehumet.
 11968 | D:10     | Reached skill level 15 in Long Blades
 11970 | D:10     | Reached XP level 12. HP: 111/111 MP: 18/18
 12226 | Lair:1   | Entered Level 1 of the Lair of Beasts
 13792 | D:6      | Bought the Reference Book on the Rocks and Confrontation for 786 gold pieces
 13799 | D:6      | Learned a level 6 spell: Statue Form
 14240 | Orc:3    | Reached skill level 1 in Spellcasting
 14245 | Orc:3    | Found a roughly hewn altar of Beogh.
 14248 | Orc:3    | Reached skill level 1 in Earth Magic
 14416 | Orc:3    | Noticed Rupert
 14440 | Orc:3    | Killed Rupert
 14440 | Orc:3    | Reached skill level 16 in Long Blades
 14695 | Orc:3    | Found a roughly hewn altar of Beogh.
 14849 | Orc:3    | Found a roughly hewn altar of Beogh.
 15390 | Orc:4    | Entered Level 4 of the Orcish Mines
 15436 | Orc:4    | Noticed an ettin
 15449 | Orc:4    | Killed an ettin
 16129 | D:9      | Reached skill level 5 in Earth Magic
 16192 | D:7      | Gained mutation: You can use your snake-like lower body to constrict enemies. [Naga growth]
 16192 | D:7      | Reached XP level 13. HP: 114/117 MP: 19/19
 16284 | D:6      | Reached skill level 1 in Transmutations
 16358 | D:4      | Bought a potion of beneficial mutation for 350 gold pieces
 16358 | D:4      | Gained mutation: You are surrounded by a mild repulsion field (EV +2). [potion of beneficial mutation]
 16902 | Orc:4    | Hit by a large rock thrown by a cyclops

Vault maps used:
D:1:      shiori_arrival_maze, minmay_door_square
D:2:      uniq_robin
D:3:      gup_sewer_entry_spiral, uniq_sigmund
D:4:      elyvilon_altar_5, lemuel_doored_altar, serial_shops,
          nicolae_shop_behind_doors, nicolae_shop_stone, kennysheep_little_box,
          shop_fountains, kennysheep_mini
D:5:      zin_scriptorium, minmay_temple_entry_nine_rooms, first_bread
D:6:      nicolae_elemental_shop
D:7:      overflow_temple_1_default, uniq_duvessa
D:8:      serial_shops, nicolae_shop_crystal, uniq_grum
D:9:      overflow_temple_1_default, david_nohive_1, trog_hazing_becter
D:10:     minmay_lair_entry_grove, hiddenorc1_lemuel, hangedman_feature_mirror
Orc:3:    cheibrodos_orc_bank, basic_altar, nicolae_orc_pool_cavern,
          hangedman_feature_mirror, uniq_rupert
Orc:4:    grunt_orc_gardens, grunt_orc_garden, grunt_orc_garden,
          grunt_orc_garden, grunt_orc_garden, serial_shops, shop
Sewer:    sewer_fruit_machine

Action                   |  1- 3 |  4- 6 |  7- 9 | 10-12 | 13-15 || total
-------------------------+-------+-------+-------+-------+-------++-------
Melee: Long sword        |   112 |   164 |    37 |       |       ||   313
       Scimitar          |       |       |   276 |   895 |    46 ||  1217
Invok: Slouch            |       |       |       |     9 |       ||     9
       Temporal Distorti |       |       |       |     2 |     1 ||     3
       Step From Time    |       |       |       |     1 |     1 ||     2
 Abil: Spit Poison       |     4 |    16 |    10 |    37 |     4 ||    71
Evoke: Wand              |       |       |       |       |     1 ||     1
  Use: Potion            |     3 |     3 |     3 |     5 |     1 ||    15
       Scroll            |       |     4 |    16 |     7 |     1 ||    28
 Stab: Distracted        |       |       |       |     1 |       ||     1
  Eat: Chunk             |       |     8 |     9 |    21 |     1 ||    39
       Bread ration      |       |       |     2 |       |       ||     2
       Beef jerky        |       |       |       |       |     1 ||     1
